 Dungeon Crawl Stone Soup version 0.22.1-1-ga44c0e5 (webtiles) character file.

1122 harcile the Slasher (level 8, -13/70 HPs)
             Began as a Hill Orc Fighter on Oct 9, 2018.
             Was a Follower of the Shining One.
             Mangled by an orc warrior
             ... wielding a +0 trident
              (17 damage)
             ... on level 6 of the Dungeon.
             The game lasted 00:13:06 (4802 turns).

harcile the Slasher (Hill Orc Fighter)              Turns: 4802, Time: 00:13:06

Health: -13/70     AC:  6    Str: 25    XL:     8   Next: 35%
Magic:  8/8        EV: 10    Int:  8    God:    the Shining One [*.....]
Gold:   270        SH: 10    Dex: 11    Spells: 7/7 levels left

rFire    . . .     SeeInvis .   a - +0 long sword
rCold    + . .     Gourm    .   c - +0 shield
rNeg     . . .     Faith    +   h - +2 leather armour {MR+}
rPois    .         Spirit   .   (no helmet)
rElec    .         Reflect  .   (no cloak)
rCorr    .         Harm     .   u - +0 pair of gloves
MR       +....                  (no boots)
Stlth    +.........             B - amulet of faith
HPRegen  0.21/turn              v - ring of protection from cold
MPRegen  0.11/turn              (no ring)

@: mighty, glowing
A: no striking features
a: Renounce Religion


You were on level 6 of the Dungeon.
You worshipped the Shining One.
The Shining One was aware of your devotion.
You were not hungry.

You visited 1 branch of the dungeon, and saw 6 of its levels.

You collected 270 gold pieces.

Inventory:

Hand Weapons
 a - a +0 long sword (weapon)
 m - a +0 club
 D - a +3 flail of holy wrath
 J - a +0 hand crossbow
Armour
 b - a +0 scale mail
 c - a +0 shield (worn)
 h - a +2 leather armour of magic resistance (worn)
 u - a +0 pair of gloves (worn)
 z - a +0 chain mail
 F - a +0 shield
 K - a +0 chain mail
Jewellery
 v - a ring of protection from cold (left hand)
 B - an amulet of faith (around neck)
 H - an uncursed amulet of guardian spirit {unknown}
Wands
 G - a wand of paralysis (14)
 I - a wand of enslavement (12)
Scrolls
 e - 2 scrolls of remove curse {unknown}
 j - 7 scrolls of identify {unknown}
 n - a scroll of blinking {unknown}
 p - 4 scrolls of teleportation {unknown}
 s - a scroll of noise {unknown}
 w - 2 scrolls of amnesia {unknown}
 x - 3 scrolls of fear {unknown}
 y - a scroll of immolation {unknown}
 A - 2 scrolls of fog {unknown}
 C - a scroll of magic mapping {unknown}
 E - a scroll of enchant weapon {unknown}
 L - a scroll of summoning {unknown}
Potions
 g - 3 potions of curing
 i - a potion of brilliance {unknown}
 k - a potion of agility {unknown}
 l - 2 potions of mutation {unknown}
 o - a potion of flight {unknown}
 q - 2 potions of heal wounds {unknown}
 r - a potion of magic {unknown}
 t - a potion of degeneration {unknown}
Comestibles
 f - 10 rations


   Skills:
 + Level 5.9 Fighting
 + Level 6.4 Long Blades
 + Level 5.0 Armour
 + Level 2.1 Dodging
 + Level 0.4 Stealth
 + Level 6.1 Shields


You had 7 spell levels left.
You didn't know any spells.
Your spell library was empty.

Dungeon Overview and Level Annotations

Branches:
Dungeon (6/15)
 Temple: D:4-7

Altars:
Dithmenos
Elyvilon
Kikubaaqudgha
Ru
Xom
The Shining One


Message History

It was a potion of curing.
You feel better. You block the scorpion's attack.
The orc warrior hits you from afar with a trident!
* * * LOW HITPOINT WARNING * * *
You barely miss the scorpion.
The scorpion is almost dead.
As you are about to starve, you manage to eat something.
You eat one of the 11 rations.
That ration really hit the spot!
The scorpion barely misses you. You block the orc warrior's attack.
The orc wizard looks encouraged for a moment.
You slash the scorpion!
You kill the scorpion!
The orc wizard miscasts a cantrip.
The orc warrior hits you but does no damage.
The adder skeleton bites you but does no damage.
You slash the adder skeleton!
You destroy the adder skeleton!
The Shining One accepts your kill.
You feel better. The orc warrior closely misses you.
The orc warrior hits you with a trident!
You die...

#.#############
###.#.............
#.....#######.....
#.####........##.#.....
#.............#.......
######........#..o..#
#........#.....#
#..........o.>.# #...#
#.<......#@#...# #
#.... . ##########.#
...#.#.>.###. #.#
.###.#....... ..#
...#..{...... ####
.......oZ.#.. ..
............. #.
.......<.# )#.
........## #.#
#.....$..


You could see an orc warrior and an orc wizard.

Vanquished Creatures
  A hungry ghost (D:6)
  A necrophage (D:5)
  A bullfrog (D:2)
  4 scorpions
  A howler monkey (D:4)
  A crimson imp (D:5)
  A bullfrog zombie (D:5)
  A jelly (D:5)
  4 hounds
  A centaur skeleton (D:5)
  2 orc wizards (D:5)
  2 worker ants (D:4)
  A hound skeleton (D:5)
  13 adders
  3 oozes
  2 adder skeletons
  2 worms
  2 dart slugs
  5 leopard geckos
  5 orcs
  7 giant cockroaches
  7 goblins
  9 hobgoblins
  8 jackals
  10 kobolds
  2 quokkas
  A ball python (D:2)
  9 bats
  5 frilled lizards
  A quokka skeleton (D:3)
  3 rats
115 creatures vanquished.

Notes
Turn   | Place    | Note
-------+----------+-------------------------------------------
     0 | D:1      | harcile the Hill Orc Fighter began the quest for the Orb.
     0 | D:1      | Reached XP level 1. HP: 19/19 MP: 1/1
   119 | D:1      | Reached XP level 2. HP: 21/27 MP: 2/2
   459 | D:1      | Reached XP level 3. HP: 29/33 MP: 3/3
   783 | D:2      | Found a shadowy altar of Dithmenos.
   829 | D:2      | Reached XP level 4. HP: 18/40 MP: 4/4
  1362 | D:2      | Found an ancient bone altar of Kikubaaqudgha.
  1829 | D:2      | Noticed a bullfrog
  1837 | D:2      | Killed a bullfrog
  1837 | D:2      | Reached XP level 5. HP: 35/47 MP: 5/5
  2176 | D:3      | Found a glowing golden altar of the Shining One.
  2209 | D:3      | Reached XP level 6. HP: 53/53 MP: 6/6
  2234 | D:3      | Became a worshipper of the Shining One
  2362 | D:3      | Found a white marble altar of Elyvilon.
  2813 | D:3      | Found a sacrificial altar of Ru.
  3074 | D:4      | Reached skill level 1 in Dodging
  3597 | D:4      | Reached XP level 7. HP: 56/60 MP: 7/7
  3665 | D:4      | Reached skill level 5 in Long Blades
  3665 | D:4      | Reached skill level 5 in Shields
  3825 | D:5      | Entered Level 5 of the Dungeon
  3838 | D:5      | Reached skill level 5 in Fighting
  3917 | D:5      | Reached skill level 5 in Armour
  4177 | D:5      | Found a shimmering altar of Xom.
  4387 | D:5      | Reached * piety under the Shining One
  4408 | D:5      | Reached XP level 8. HP: 51/69 MP: 8/8
  4798 | D:6      | HP: 1/69 [orc warrior/trident (16)]
  4802 | D:6      | Mangled by an orc warrior

Skill      XL: |  1  2  3  4  5  6  7  8 |
---------------+-------------------------+-----
Fighting       | 4 5 |  5.9
Long Blades    | 3 4 5 6 |  6.4
Shields        | 4 5 6 |  6.1
Armour         | 4 5 |  5.0
Dodging        | 1 2 |  2.1
Stealth        | |  0.4

Action                   |  1- 3 |  4- 6 |  7- 9 || total
-------------------------+-------+-------+-------++-------
Melee: Long sword        |    90 |   207 |   147 ||   444
  Use: Potion            |       |       |     2 ||     2
  Eat: Chunk             |       |     9 |     4 ||    13
       Ration            |       |       |     1 ||     1
Armor: Scale mail        |    64 |    53 |       ||   117
       Leather armour    |       |    23 |    52 ||    75
Dodge: Dodged            |    33 |    68 |    68 ||   169
Block: Shield            |    72 |   118 |   103 ||   293
       Rpst.: Long sword |    11 |    26 |    21 ||    58
